 Dungeon Crawl Stone Soup version 0.25-b1-46-gb8a1ec05df (webtiles) character file.

Game seed: 17373555254645965500

58618 Froggeryz the Ripper (level 14, -1/56 HPs)
             Began as a Felid Monk on June 11, 2020.
             Was the Champion of Cheibriados.
             Killed from afar by a shock serpent (7 damage)
             ... with a bolt of electricity
             ... on level 1 of the Snake Pit.
             The game lasted 01:10:26 (28958 turns).

Froggeryz the Ripper (Felid Monk)                  Turns: 28958, Time: 01:10:27

Health: -1/56      AC:  9    Str: 25    XL:     14   Next: 50%
Magic:  25/25      EV: 33    Int: 32    God:    Cheibriados [******]
Gold:   2016       SH:  0    Dex: 36    Spells: 15/23 levels left
                                        Lives:  0   Deaths: 4

rFire    . . .     SeeInvis +     - Unarmed
rCold    + . .     Gourm    .   (shield unavailable)
rNeg     . . .     Faith    .   (armour unavailable)
rPois    .         Spirit   .   (helmet unavailable)
rElec    .         Reflect  .   (cloak unavailable)
rCorr    .         Harm     .   (gloves unavailable)
MR       ++...                  (boots unavailable)
Stlth    +++++++...             O - amulet of regeneration
HPRegen  0.58/turn              F - ring "Ramiuck" {+Inv Int+6}
MPRegen  0.19/turn              e - +4 ring of protection

@: very slow
A: very small, no armour, no weapons or thrown items, stealth, claws 1, fangs 3,
iridescent scales 1, see invisible, carnivore, speed 1, frail 1, shaggy fur 3,
slow metabolism 1, sharp paws
a: Bend Time, Temporal Distortion, Slouch, Step From Time, Renounce Religion,
Evoke Invisibility


You were on level 1 of the Snake Pit.
You worshipped Cheibriados.
Cheibriados was exalted by your worship.
You were very full.

You visited 4 branches of the dungeon, and saw 23 of its levels.
You also visited: Ossuary, Bailey and Gauntlet.

You collected 2698 gold pieces.
You spent 682 gold pieces at shops.

Inventory:

Jewellery
 e - a +4 ring of protection (right paw)
 p - the ring of Imoe {*Tele Int+4}
   (You found it in a Gauntlet)

   [ring of teleportation]

   It may teleport you next to monsters.
   It affects your intelligence (+4).
 t - a +6 ring of strength
 u - an uncursed ring of resist corrosion
 w - an uncursed ring of protection from cold
 C - the amulet of Absolutism {Inacc +Blink +Inv SInv}
   (You found it in a Gauntlet)

   [amulet of inaccuracy]

   It reduces the accuracy of all your attacks.
   It lets you see invisible.
   It lets you turn invisible.
   It lets you blink.
 E - an uncursed ring of protection from cold
 F - the ring "Ramiuck" (left paw) {+Inv Int+6}
   (You found it in a Gauntlet)

   [ring of intelligence]

   It affects your intelligence (+6).
   It lets you turn invisible.
 I - an uncursed ring of poison resistance
 O - an amulet of regeneration (around neck)
 Q - an uncursed ring of magical power
Wands
 k - a wand of iceblast (51)
 l - a wand of polymorph (16)
 y - a wand of flame (15)
 A - a wand of acid (22)
 G - a wand of paralysis (4)
 H - a wand of clouds (5)
 S - a wand of disintegration (18)
Scrolls
 b - 6 scrolls of amnesia
 d - 4 scrolls of summoning
 f - 9 scrolls of remove curse
 g - a scroll of fear
 i - 2 scrolls of fog
 n - 3 scrolls of blinking
 q - 5 scrolls of immolation
 s - 2 scrolls of teleportation
 z - a scroll of holy word {unknown}
 B - 2 scrolls of silence
 M - 3 scrolls of noise
 P - a scroll of identify
Potions
 c - 3 potions of mutation
 h - 2 potions of cancellation
 j - 3 potions of flight
 m - 8 potions of lignification
 o - 3 potions of magic
 r - 2 potions of ambrosia
 v - 2 potions of invisibility
 x - a potion of stabbing
 J - 4 potions of curing
 K - 5 potions of heal wounds
 L - a potion of brilliance
 N - 2 potions of might
Miscellaneous
 D - a phial of floods
Comestibles
 a - 66 rations


   Skills:
 - Level 8.0 Fighting
 - Level 11.0 Dodging
 - Level 13.0 Stealth
 - Level 16.3 Unarmed Combat
 - Level 5.1 Spellcasting
 + Level 4.4 Conjurations
 - Level 4.4 Translocations
 - Level 7.5 Transmutations
 + Level 4.5 Fire Magic
 * Level 13.7 Invocations
 - Level 6.3 Evocations


You had 15 spell levels left.
You knew the following spells:

 Your Spells              Type           Power        Failure   Level  Hunger
a - Apportation           Tloc           #####.       1%          1    None
b - Passwall              Tmut/Erth      ####....     1%          2    None
c - Bolt of Magma         Conj/Fire/Erth ####......   38%         5    #####..

Your spell library contained the following spells:

 Spells                   Type           Power        Failure   Level  Hunger
 Shock                    Conj/Air       ###.         1%          1    None
 Animate Skeleton         Necr           N/A          4%          1    None
 Corona                   Hex            #......      4%          1    None
 Sandblast                Erth           #.....       4%          1    None
 Summon Small Mammal      Summ           #...         4%          1    None
 Static Discharge         Conj/Air       ###.....     6%          3    None
 Stone Arrow              Conj/Erth      ###...       6%          3    None
 Call Imp                 Summ           #.......     8%          2    None
 Ensorcelled Hibernation  Hex/Ice        #.....       8%          2    None
 Swiftness                Chrm/Air       #.......     8%          2    None
 Petrify                  Tmut/Erth      ####....     11%         4    ###....
 Call Canine Familiar     Summ           #.......     16%         3    None
 Summon Guardian Golem    Hex/Summ       #.......     16%         3    None
 Airstrike                Air            #.........   45%         4    ###....
 Summon Ice Beast         Ice/Summ       #.......     45%         4    ###....
 Summon Lightning Spire   Summ/Air       #.......     45%         4    ###....
 Iskenderun's Battlesphe  Conj/Chrm      ###.....     50%         5    #####..
 Lightning Bolt           Conj/Air       ###.......   50%         5    #####..
 Borgnjor's Vile Clutch   Necr/Erth      #.........   80%         5    #####..
 Lee's Rapid Deconstruct  Erth           #.........   80%         5    #####..
 Silence                  Hex/Air        #.........   80%         5    #####..
 Iron Shot                Conj/Erth      ###.......   97%         6    ######.
 Darkness                 Hex            #.........   100%        6    ######.
 Shadow Creatures         Summ           N/A          100%        6    ######.
 Orb of Destruction       Conj           #####.....   100%        7    #######
 Spellforged Servitor     Conj/Summ      ###.......   100%        7    #######


Dungeon Overview and Level Annotations

Branches:
Dungeon (14/15)            Temple (0/1) D:4            Lair (6/6) D:9
  Swamp (0/4) Lair:3        Snake (1/4) Lair:4        Slime (0/5) Lair:6
    Orc (2/2) D:10            Elf (0/3) Orc:2        Vaults (0/5) D:14
Ossuary (visited)          Bailey (visited)         Gauntlet (visited)

Altars:
Ashenzari
Cheibriados
Elyvilon
Kikubaaqudgha
Ru
Xom
Yredelemnul
Jiyva

Shops:
D:10 (   Orc:2 [**[[

Annotations:
D:3 1 runed translucent door, brob1's ghost, amateur DrTm
D:10 exclusions: lava snake, orange crystal statue and 3 more exclusions
Lair:2 exclusion: oklob plant
Lair:3 Xiemaice's ghost, journeyman DrFE
Lair:4 exclusion: 2 doors


Innate Abilities, Weirdness & Mutations

You cannot wear armour.
You are incapable of wielding weapons or throwing items.
Your paws allow you to move quietly. (Stealth)
You have sharp claws.
You have razor-sharp teeth.
You have supernaturally acute eyesight. (SInv)
You are carnivorous and can eat meat at any time.
You cover ground quickly.
Your thick and shaggy fur keeps you warm. (AC +3, rC+)
You have a slow metabolism.
Your sharp claws are effective at attacking unaware monsters.
You are partially covered in iridescent scales. (AC +2)
You are frail. (-10% HP)


Message History

You claw the shock serpent!
The shock serpent is lightly wounded.
The shock serpent's electric aura discharges, shocking you!
The shock serpent completely misses you.
You barely miss the shock serpent. Your claw misses the shock serpent.
The shock serpent is lightly wounded.
The shock serpent barely misses you.
You mangle the shock serpent!!
The shock serpent is severely wounded.
The shock serpent's electric aura discharges, shocking you!
The shock serpent shoots out a bolt of lightning at you!
The bolt of electricity hits you!!
* * * LOW HITPOINT WARNING * * *
You claw the shock serpent! Your bite misses the shock serpent.
The shock serpent is almost dead.
The shock serpent's electric aura discharges, shocking you!
* * * LOW HITPOINT WARNING * * *
The shock serpent shoots out a bolt of lightning at you!
The bolt of electricity hits you!
You die...

.......##....#....## ##..#
............# .....####..##
##...#.....## #....##....### #
#...####...# #............######
##...# ##..###................#.
#....## #....#......##..........
......# #....>......#...###.....
.......# #..........().(.##......
####....#.......@.)._)........#..
# #...........S..).(....#####..
#...>.................####..
##.....##..............##...
##.... ...............##...
#..####...............#... ##.#
#................... # #..#
..##.....<.......... # ###..#
..###...............


You could see a shock serpent.

Vanquished Creatures
  Jorgrun (Orc:1)
  A minotaur (Gauntlet)
  Snorg (D:10)
  Harold (Lair:2)
  Erolcha (Orc:1)
  6 hydras
  2 centaur warriors (D:14)
  An ogre mage (Orc:2)
  An anaconda (Snake:1)
  Erica (Lair:2)
  10 two-headed ogres
  A satyr (shapeshifter) (D:14)
  A death yak (Lair:4)
  2 orc high priests
  A thrashing horror (Gauntlet)
  Nergalle (Lair:1)
  A spectral death yak (Lair:3)
  2 fire crabs
  An unseen horror (D:11)
  6 orc sorcerers (Orc:2)
  3 ugly things
  2 manticores
  A deep elf mage (D:14)
  8 orc knights (Bailey)
  5 cyclopes
  A centaur zombie (D:14)
  4 elephants
  A naga mage (Snake:1)
  4 black mambas
  A water nymph (shapeshifter) (D:14)
  4 gargoyles
  10 spiny frogs
  Maggie (D:6)
  4 rime drakes
  4 centaur skeletons
  A kobold demonologist (D:12)
  4 komodo dragons
  A freezing wraith (D:14)
  10 polar bears
  4 trolls
  A tyrant leech (Lair:3)
  2 raiju (Lair:6)
  9 blink frogs
  Prince Ribbit (D:6)
  A hornet (D:8)
  A harpy skeleton (D:14)
  15 hippogriffs
  Grinder (D:6)
  A centaur simulacrum (Gauntlet)
  A wraith (D:12)
  A spriggan (D:11)
  A shadow (D:12)
  A tarantella (shapeshifter) (D:14)
  29 yaks
  2 vampires (D:13)
  6 wyverns
  A basilisk (Lair:1)
  Grum (D:8)
  Menkaure (D:7)
  A redback simulacrum (Gauntlet)
  3 hungry ghosts
  3 vampire mosquitoes (D:12)
  6 nagas
  7 wargs
  15 hell hounds (Lair:6)
  4 acid dragons
  A hydra simulacrum (Gauntlet)
  14 porcupines
  26 orc warriors
  13 water moccasins
  3 ice beasts
  7 sky beasts
  13 black bears
  A necrophage (D:5)
  A phantom (D:13)
  13 ogres
  An eye of draining (D:14)
  2 small abominations (Gauntlet)
  23 wolves
  12 centaurs
  18 crocodiles
  2 elf zombies (Ossuary)
  2 big kobolds
  22 bullfrogs
  A wyvern skeleton (D:12)
  7 scorpions
  A hornet simulacrum (Gauntlet)
  3 killer bees (D:7)
  11 wights
  7 howler monkeys
  An electric eel (Lair:6)
  3 bullfrog zombies
  A lava snake (D:10)
  7 crimson imps
  A quasit (D:7)
  A fire crab simulacrum (Lair:3)
  25 orc priests
  4 jellies
  A bullfrog skeleton (D:4)
  A human zombie (Ossuary)
  10 hounds
  26 orc wizards
  4 iguanas
  12 worker ants
  6 hound zombies
  4 mummies (Ossuary)
  A worker ant zombie (D:5)
  4 gnolls
  A howler monkey skeleton (D:5)
  21 adders
  4 shadow imps
  An adder skeleton (D:4)
  An adder zombie (D:5)
  A worm (D:2)
  2 dart slugs
  3 leopard geckos
  108 orcs
  3 ball pythons
  8 giant cockroaches
  A gnoll zombie (Ossuary)
  7 goblins
  16 hobgoblins
  25 jackals
  12 kobolds
  6 quokkas
  8 bats
  3 frilled lizards
  A giant cockroach zombie (D:5)
  A hobgoblin zombie (Ossuary)
  A jackal zombie (Ossuary)
  A leopard gecko skeleton (D:7)
  2 orc zombies (Ossuary)
  2 quokka skeletons
  5 rats
  2 rat zombies (Ossuary)
  A butterfly (Lair:3)
793 creatures vanquished.

Vanquished Creatures (others)
  A yak (D:11)
  A wolf (Lair:6)
  2 centaurs (D:11)
  An orc (Orc:1)
  19 demonic plants (Gauntlet)
  4 fungi
  19 plants
47 creatures vanquished.

Grand Total: 840 creatures vanquished

Notes
Turn   | Place    | Note
-------+----------+-------------------------------------------
     0 | D:1      | Froggeryz the Felid Monk began the quest for the Orb.
     0 | D:1      | Reached XP level 1. HP: 10/10 MP: 2/2
   306 | D:1      | Reached XP level 2. HP: 14/14 MP: 3/3
   523 | D:1      | Reached XP level 3. HP: 14/17 MP: 4/4
   680 | D:1      | Reached skill level 4 in Unarmed Combat
  1213 | D:2      | Reached skill level 5 in Dodging
  1213 | D:2      | Reached XP level 4. HP: 10/21 MP: 5/5
  1437 | D:2      | Found a snail-covered altar of Cheibriados.
  1450 | D:2      | Became a worshipper of Cheibriados the Contemplative
  1450 | D:2      | Reached * piety under Cheibriados
  1450 | D:2      | Reached ** piety under Cheibriados
  1711 | D:2      | Reached skill level 5 in Unarmed Combat
  1711 | D:2      | Reached XP level 5. HP: 20/24 MP: 6/6
  2234 | D:3      | Found a runed translucent door.
  2359 | D:3      | Noticed brob1's ghost (amateur DrTm)
  2426 | D:3      | Reached *** piety under Cheibriados
  3226 | D:4      | Gained mutation: You are covered in thick fur. (AC +2)
                  | [Felid growth]
  3226 | D:4      | Reached XP level 6. HP: 28/28 MP: 7/7
  3235 | D:4      | Reached skill level 6 in Unarmed Combat
  3290 | D:4      | Found a sand-covered staircase.
  3300 | Ossuary  | Entered an ossuary
  3317 | Ossuary  | Slain by an elf zombie
  3318 | Ossuary  | Reached XP level 5. HP: 0/24 MP: 6/6
  3350 | Ossuary  | Reached skill level 5 in Stealth
  3366 | Ossuary  | Reached XP level 6. HP: 21/28 MP: 7/7
  3461 | Ossuary  | Reached **** piety under Cheibriados
  3546 | Ossuary  | Reached skill level 7 in Unarmed Combat
  3710 | D:4      | Found a staircase to the Ecumenical Temple.
  4018 | D:4      | Found a sacrificial altar of Ru.
  4214 | D:5      | Entered Level 5 of the Dungeon
  4275 | D:5      | Reached XP level 7. HP: 31/31 MP: 8/8
  4532 | D:5      | Gained mutation: You are somewhat resistant to further
                  | mutation. [potion of mutation]
  4537 | D:5      | Reached skill level 8 in Unarmed Combat
  4537 | D:5      | Slain by an orc
  4538 | D:5      | Reached XP level 6. HP: -2/28 MP: 7/7
  4729 | D:5      | Reached ***** piety under Cheibriados
  4857 | D:5      | Found a shattered altar of Ashenzari.
  5084 | D:5      | Reached XP level 7. HP: 31/31 MP: 8/8
  5453 | D:6      | Noticed Prince Ribbit
  5466 | D:6      | Noticed Grinder
  5470 | D:6      | Reached skill level 9 in Unarmed Combat
  5474 | D:6      | Killed Grinder
  5570 | D:6      | Noticed a hungry ghost
  5601 | D:6      | Reached XP level 8. HP: 34/34 MP: 9/9
  5745 | D:6      | Noticed Maggie
  5759 | D:6      | Killed Maggie
  5872 | D:6      | Reached skill level 10 in Unarmed Combat
  6272 | D:6      | Killed Prince Ribbit
  6383 | D:7      | Noticed Menkaure
  6390 | D:7      | Reached skill level 10 in Stealth
  6392 | D:7      | Killed Menkaure
  6392 | D:7      | Reached XP level 9. HP: 37/37 MP: 10/10
  6521 | D:7      | Found a white marble altar of Elyvilon.
  6587 | D:7      | Reached skill level 1 in Invocations
  6595 | D:7      | Reached skill level 11 in Unarmed Combat
  7346 | D:8      | Noticed a two-headed ogre
  7609 | D:8      | Reached skill level 12 in Unarmed Combat
  7649 | D:8      | Killed a two-headed ogre
  7649 | D:8      | Reached XP level 10. HP: 42/42 MP: 12/14
  7764 | D:8      | Reached ****** piety under Cheibriados
  7802 | D:8      | Paralysed by a hornet for 1 turns
  8205 | D:8      | Found a basalt altar of Yredelemnul.
  8205 | D:8      | Noticed Grum
  8227 | D:8      | Killed Grum
  8892 | D:9      | Found a staircase to the Lair.
  9071 | D:9      | Reached skill level 5 in Invocations
  9245 | D:9      | Reached skill level 13 in Unarmed Combat
  9613 | D:9      | Noticed an elephant
  9625 | D:9      | Killed an elephant
  9979 | Lair:1   | Entered Level 1 of the Lair of Beasts
 10342 | Lair:1   | Noticed a seven-headed hydra
 10349 | Lair:1   | Killed a seven-headed hydra
 10349 | Lair:1   | Reached XP level 11. HP: 24/46 MP: 16/16
 10713 | Lair:1   | Noticed Nergalle
 10720 | Lair:1   | Killed Nergalle
 11331 | Lair:2   | Reached skill level 14 in Unarmed Combat
 11346 | Lair:2   | Noticed Harold
 11377 | Lair:2   | Killed Harold
 11377 | Lair:2   | Reached skill level 5 in Fighting
 11412 | Lair:2   | Noticed an oklob plant
 11972 | Lair:2   | Noticed Erica
 12140 | Lair:2   | Killed Erica
 12373 | Lair:2   | Learned a level 1 spell: Apportation
 12561 | Lair:3   | Reached skill level 1 in Translocations
 12596 | Lair:3   | Reached skill level 1 in Spellcasting
 12720 | Lair:3   | Gained mutation: Your thick and shaggy fur keeps you warm.
                  | (AC +3, rC+) [Felid growth]
 12720 | Lair:3   | Reached XP level 12. HP: 41/53 MP: 17/17
 12721 | Lair:3   | Found a runed translucent gate.
 12722 | Lair:3   | Found a runed translucent gate.
 12723 | Lair:3   | Found a runed translucent gate.
 12725 | Lair:3   | Noticed Xiemaice's ghost (journeyman DrFE)
 12791 | Lair:3   | Reached skill level 15 in Unarmed Combat
 12804 | Lair:3   | Found a gate leading to a gauntlet.
 12813 | Gauntlet | Entered a Gauntlet
 12813 | Gauntlet | Found a transporter.
 12815 | Gauntlet | Found a runed translucent gate.
 12816 | Gauntlet | Found a transporter.
 12816 | Gauntlet | Found a runed translucent gate.
 12821 | Gauntlet | Found a runed translucent gate.
 12828 | Gauntlet | Found a transporter.
 12832 | Gauntlet | Found a transporter.
 12870 | Gauntlet | Found a transporter.
 12873 | Gauntlet | Found a transporter.
 12873 | Gauntlet | Found a transporter.
 12875 | Gauntlet | Found a transporter.
 12883 | Gauntlet | Found a transporter.
 12884 | Gauntlet | Found a transporter.
 12885 | Gauntlet | Found a transporter.
 12963 | Gauntlet | Got a warped tin amulet
 12970 | Gauntlet | Identified the amulet of Absolutism {Inacc +Blink +Inv
                  | SInv} (You found it in a Gauntlet)
 13006 | Gauntlet | Found a transporter.
 13036 | Gauntlet | Got a brightly glowing bone ring
 13038 | Gauntlet | Identified the ring of Imoe {*Tele Int+4} (You found it in
                  | a Gauntlet)
 13149 | Gauntlet | Noticed a minotaur
 13153 | Gauntlet | Killed a minotaur
 13163 | Gauntlet | Got a fine lapis lazuli ring
 13164 | Gauntlet | Identified the ring "Ramiuck" {+Inv Int+6} (You found it in
                  | a Gauntlet)
 13732 | Lair:3   | Found a staircase to the Swamp.
 14048 | Lair:4   | Reached skill level 10 in Dodging
 14089 | Lair:4   | Reached skill level 1 in Evocations
 14205 | Lair:4   | Noticed a death yak
 14220 | Lair:4   | Killed a death yak
 14515 | Lair:4   | Noticed a six-headed hydra
 14779 | Lair:4   | Found a staircase to the Snake Pit.
 15287 | Lair:4   | Noticed a dire elephant
 15289 | Lair:4   | Reached skill level 5 in Evocations
 15561 | Lair:5   | Reached skill level 5 in Spellcasting
 15730 | Lair:5   | Learned a level 2 spell: Passwall
 15850 | Lair:5   | Reached skill level 1 in Transmutations
 15886 | Lair:5   | Noticed a four-headed hydra
 15890 | Lair:5   | HP: 2/54 [yak (15)]
 15898 | Lair:5   | Slain by a four-headed hydra
 15899 | Lair:5   | Reached XP level 11. HP: -4/50 MP: 18/19
 16050 | Lair:5   | Reached XP level 12. HP: 46/54 MP: 20/20
 16213 | Lair:5   | Killed a four-headed hydra
 16476 | Lair:6   | Entered Level 6 of the Lair of Beasts
 16564 | Lair:6   | Noticed a five-headed hydra
 16590 | Lair:6   | Killed a five-headed hydra
 17202 | Lair:6   | Reached skill level 5 in Transmutations
 17206 | Lair:6   | HP: 2/54 [komodo dragon (25)]
 17908 | Lair:6   | Noticed a four-headed hydra
 18056 | Lair:6   | Killed a four-headed hydra
 18480 | Lair:6   | Reached XP level 13. HP: 50/57 MP: 21/21
 19178 | Lair:6   | Found a staircase to the Slime Pits.
 19182 | Lair:6   | Found a viscous altar of Jiyva.
 19649 | D:10     | Entered Level 10 of the Dungeon
 19708 | D:10     | Noticed Snorg
 19837 | D:10     | Killed Snorg
 19935 | D:10     | Found Surhibre's Antique Weapon Emporium.
 19957 | D:10     | Found an ancient bone altar of Kikubaaqudgha.
 20380 | D:10     | Found a staircase to the Orcish Mines.
 20522 | Orc:1    | Entered Level 1 of the Orcish Mines
 20756 | Orc:1    | Noticed Jorgrun
 20769 | Orc:1    | Killed Jorgrun
 20876 | Orc:2    | Entered Level 2 of the Orcish Mines
 21107 | Lair:3   | HP: 1/58 [spectral seven-headed hydra (3)]
 21107 | Lair:3   | Slain by a spectral seven-headed hydra
 21108 | Lair:3   | Reached XP level 12. HP: -4/55 MP: 20/20
 21589 | Orc:2    | Found a staircase to the Elven Halls.
 21710 | Orc:2    | Found Sochey's Antique Armour Boutique.
 21735 | Orc:2    | Noticed an ogre mage
 21735 | Orc:2    | Noticed a two-headed ogre
 21735 | Orc:2    | Noticed a two-headed ogre
 21739 | Orc:2    | Killed a two-headed ogre
 21740 | Orc:2    | Noticed a two-headed ogre
 21740 | Orc:2    | Noticed a two-headed ogre
 21744 | Orc:2    | Killed a two-headed ogre
 21746 | Orc:2    | Noticed a two-headed ogre
 21749 | Orc:2    | Killed a two-headed ogre
 21751 | Orc:2    | Killed a two-headed ogre
 21753 | Orc:2    | Killed a two-headed ogre
 21755 | Orc:2    | Killed an ogre mage
 22257 | Orc:1    | Noticed an orc high priest
 22262 | Orc:1    | Killed an orc high priest
 22268 | Orc:1    | Reached XP level 13. HP: 58/58 MP: 18/21
 22276 | Orc:1    | Noticed Erolcha
 22283 | Orc:1    | Killed Erolcha
 22496 | Orc:2    | Reached skill level 16 in Unarmed Combat
 22837 | Orc:1    | Gained mutation: You tend to lose your temper in combat.
                  | [mutagenic glow]
 23079 | Orc:1    | Lost mutation: You tend to lose your temper in combat.
                  | [potion of mutation]
 23079 | Orc:1    | Lost mutation: You are somewhat resistant to further
                  | mutation. [potion of mutation]
 23079 | Orc:1    | Gained mutation: You are partially covered in molten
                  | scales. (AC +2) [potion of mutation]
 23079 | Orc:1    | Gained mutation: Your mind is acute. (Int +2) [potion of
                  | mutation]
 23079 | Orc:1    | Gained mutation: You occasionally shout uncontrollably at
                  | your foes. [potion of mutation]
 23079 | Orc:1    | Gained mutation: Your spells are a little harder to cast,
                  | but a little more powerful. [potion of mutation]
 23080 | Orc:1    | Lost mutation: Your mind is acute. (Int +2) [potion of
                  | mutation]
 23080 | Orc:1    | Lost mutation: Your spells are a little harder to cast, but
                  | a little more powerful. [potion of mutation]
 23080 | Orc:1    | Lost mutation: You occasionally shout uncontrollably at
                  | your foes. [potion of mutation]
 23080 | Orc:1    | Gained mutation: You occasionally shout uncontrollably at
                  | your foes. [potion of mutation]
 23080 | Orc:1    | Gained mutation: You expend magic power (3 MP) to
                  | strengthen your wands. [potion of mutation]
 23080 | Orc:1    | Gained mutation: Your system is resistant to poisons.
                  | (rPois) [potion of mutation]
 23081 | Orc:1    | Lost mutation: Your system is resistant to poisons. (rPois)
                  | [potion of mutation]
 23081 | Orc:1    | Lost mutation: You occasionally shout uncontrollably at
                  | your foes. [potion of mutation]
 23081 | Orc:1    | Lost mutation: You are partially covered in molten scales.
                  | (AC +2) [potion of mutation]
 23081 | Orc:1    | Lost mutation: You expend magic power (3 MP) to strengthen
                  | your wands. [potion of mutation]
 23081 | Orc:1    | Gained mutation: You are frail. (-10% HP) [potion of
                  | mutation]
 23081 | Orc:1    | Gained mutation: You are partially covered in iridescent
                  | scales. (AC +2) [potion of mutation]
 23209 | Orc:2    | Reached skill level 10 in Invocations
 23277 | Orc:2    | Found Zeunt's General Store.
 23277 | Orc:2    | Found Zeffoebao's Antique Armour Shoppe.
 23278 | Orc:2    | Found Pokum's Assorted Antiques.
 23283 | Orc:2    | Found Vaeshreta's Armour Emporium.
 23284 | Orc:2    | Bought a potion of heal wounds for 90 gold pieces
 23286 | Orc:2    | Bought a scroll labeled WEAMAN NEINT for 37 gold pieces
 23290 | Orc:2    | Bought a papyrus book for 555 gold pieces
 23320 | Orc:2    | Learned a level 5 spell: Bolt of Magma
 23663 | D:11     | Reached skill level 1 in Fire Magic
 23666 | D:11     | Reached skill level 1 in Conjurations
 23828 | D:11     | Found a flagged portal.
 23835 | Bailey   | Entered a bailey
 25470 | D:12     | Reached XP level 14. HP: 56/56 MP: 22/24
 27644 | D:14     | Found a shattered altar of Ashenzari.
 27982 | D:14     | Found a gate to the Vaults.
 28514 | Snake:1  | Entered Level 1 of the Snake Pit
 28514 | Snake:1  | Found a shimmering altar of Xom.
 28958 | Snake:1  | Killed from afar by a shock serpent

Illustrated notes

Levels and vault maps discovered:
D:1:      dpeg_arrival_arbitrary_b, layout_rooms, serial_rivers,
          chequers_serial_rivers_room_b, chequers_serial_rivers_room_b,
          chequers_serial_rivers_marsh, chequers_serial_rivers_small_3,
          chequers_serial_rivers_micro_d, hangedman_abyss_or_decor_lesser_grid,
          minmay_tromino_i2
D:2:      layout_loops_ring, cheibriados_altar_1
D:3:      layout_basic, ebering_ghost_sewer_d
D:4:      layout_cave_pools, lemuel_coloured_pillars_altar,
          minmay_temple_entry_large_hall, nicolae_ossuary_entry_ruins
D:5:      layout_basic, first_ration, ashenzari_altar_1
D:6:      layout_basic, uniq_prince_ribbit1, uniq_maggie, uniq_grinder
D:7:      layout_loops_ring, chequers_decorated_corner, elyvilon_altar_3,
          uniq_menkaure
D:8:      layout_basic, basic_altar, uniq_grum
D:9:      layout_roguey, david_lair_generic, minmay_checkerbox
D:10:     layout_roguey, hiddenorc1_lemuel, serial_curves, eino_curves_02,
          eino_curves_01, serial_shops, shop, basic_altar, disabler_island,
          uniq_snorg
D:11:     minmay_imperfect_grid, layout_cave_pools, enter_bailey_2, the_bakery
D:12:     layout_irregular_city
D:13:     layout_loops_ring, nicolae_wwwww
D:14:     layout_long_grid, david_vaults_2, basic_altar, minmay_misc_feat_chi,
          minmay_joined_circles
Lair:1:   layout_cave_pods, grunt_megastairs_4, lemuel_fruit_tree, uniq_nergalle
Lair:2:   layout_roguey, minmay_lair_oklob_chamber, infiniplex_staircase_pool_2,
          uniq_harold, uniq_erica
Lair:3:   layout_chaotic_city, minmay_swamp_entry_worms,
          gammafunk_ghost_necromancy, gauntlet_entry_generic,
          grunt_megastairs_3, lemuel_fruit_fields
Lair:4:   layout_layer_cave, minmay_snake_entry_guardpost_medium, minivault_26,
          minmay_shattered_shrine, grunt_megastairs_5
Lair:5:   layout_cellular_growth
Lair:6:   hangedman_lair_caniforms_friends, layout_small_grid, slime_altar_1,
          infiniplex_staircase_pool
Snake:1:  skrybe_snakes_to_sticks, layout_layer_cave
Orc:1:    layout_diamond_mine, uniq_jorgrun, uniq_erolcha
Orc:2:    st_orc_mages, layout_diamond_mine, serial_shops, nicolae_shop_crystal

Skill      XL: |  1  2  3  4  5  6  7  8  9 10 11 12 13 14 |
---------------+-------------------------------------------+-----
Unarmed Combat | 4 5 7 9 10 12 13 14 15 16 | 16.3
Dodging        | 5 6 9 10 11 | 11.0
Stealth        | 3 5 6 8 10 12 13 | 13.0
Invocations    | 4 5 8 12 13 | 13.7
Fighting       | 4 6 8 |  8.0
Translocations | 2 4 |  4.4
Spellcasting   | 1 5 |  5.1
Evocations     | 6 |  6.3
Transmutations | 2 7 |  7.5
Fire Magic     | 3 4 |  4.5
Conjurations   | 2 4 |  4.4

Action                   |  1- 3 |  4- 6 |  7- 9 | 10-12 | 13-15 || total
-------------------------+-------+-------+-------+-------+-------++-------
Melee: Unarmed           |   148 |   230 |   216 |   625 |   616 ||  1835
       Bite              |    18 |    35 |    45 |   123 |    87 ||   308
       Punch             |     2 |     5 |    20 |    82 |    61 ||   170
 Cast: Passwall          |       |       |       |     1 |    23 ||    24
Invok: Temporal Distorti |       |       |     1 |     3 |     2 ||     6
       Step From Time    |       |       |       |     1 |       ||     1
       Slouch            |       |       |       |       |     4 ||     4
 Abil: Evoke Invisibilit |       |       |       |     4 |     9 ||    13
Evoke: Wand              |       |       |     4 |    16 |    11 ||    31
       Phial of floods   |       |       |       |     1 |       ||     1
  Use: Scroll            |       |     9 |     6 |    17 |     9 ||    41
       Potion            |       |       |     2 |     3 |     6 ||    11
 Stab: Sleeping          |     3 |    25 |    17 |    59 |    73 ||   177
       Distracted        |       |     1 |     3 |    11 |     9 ||    24
       Invisible         |       |       |       |    13 |    24 ||    37
       Paralysed         |       |       |       |     3 |     1 ||     4
  Eat: Chunk             |     8 |    16 |     5 |    37 |    18 ||    84
Armor: Skin              |     5 |     8 |    19 |    39 |    40 ||   111
Dodge: Dodged            |   133 |   174 |   194 |   591 |   625 ||  1717
